AoeStats
← Cya m8

Arena

506820368Analyzed
1v1 RM · 18d ago on Sep 15, 2026· 72m 38s· 2 players
Game mode
Random Map
Map size
Tiny (2 player)
Population
200
Speed
Normal
Resources
Standard
Victory
Conquest
Starting age
Dark Age
Ending age
Imperial Age
RankedLock teamsTeams togetherTeam positionsShared explorationLock speedFull tech treeHidden civsTurbo modeCheats
Victory
Defeat
🇹🇷 Portuguese · Türkiye
704
+15
🇨🇳 Vietnamese · China
682
-32
流口水
10:20 Feudal Age
10:46 Double-Bit Axe
10:44 Horse Collar
11:52 Wheelbarrow
16:25 Gold Mining
17:50 Stone Mining
20:57 Castle Age
22:22 Bow Saw
22:17 Heavy Plow
22:52 Thumb Ring
22:08 Crossbowman
25:44 Stone Shaft Mining
29:02 Forging
28:46 Fletching
28:57 Padded Archer Armor
29:30 Hand Cart
32:28 Squires
31:51 Pikeman
37:42 Imperial Age
35:42 Bodkin Arrow
36:02 Leather Archer Armor
35:59 Forging
35:55 Scale Mail Armor
36:21 Forging
37:30 Ballistics
36:53 Treadmill Crane
37:09 Murder Holes
39:43 Elite Rattan Archer
40:44 Paper Money
39:55 Sappers
42:42 Chatras
43:20 Hoardings
44:09 Two-Man Saw
43:41 Crop Rotation
44:28 Capped Ram
46:53 Elite Fire Lancer
48:16 Arson
48:50 Pikeman
50:05 Halberdier
59:30 Arbalester
64:16 Onager
Cya m8
11:29 Feudal Age
14:00 Loom
14:57 Double-Bit Axe
18:02 Castle Age
29:48 Imperial Age
29:53 Wheelbarrow
30:10 Gold Mining
30:11 Stone Mining
30:38 Bow Saw
30:53 Hand Cart
33:54 Elite Organ Gun
36:14 Stone Shaft Mining
45:52 Two-Man Saw
45:07 Elite Skirmisher
47:31 Padded Archer Armor
47:21 Fletching
48:27 Thumb Ring
49:58 Leather Archer Armor
49:38 Bodkin Arrow
53:55 Onager
Connection lost

Rejoining the realm…

Still unreachable

The connection could not be restored.

Session expired

The server has moved on; the page needs a fresh start.